 Dungeon Crawl Stone Soup version 0.30-a0-778-g2ef04afb54 (webtiles) character file.

Game seed: 4564505246718882805

22 Pimp the Trooper (level 2, 0/24 HPs)
             Began as a Demonspawn Berserker on Feb 15, 2023.
             Was a Follower of Trog.
             Slain by a gnoll
             ... wielding a +0 halberd
              (3 damage)
             ... on level 2 of the Dungeon.
             The game lasted 00:04:39 (725 turns).

Pimp the Trooper (Demonspawn Berserker)              Turns: 725, Time: 00:04:40

Health: 0/24       AC:  8    Str: 17    XL:     2   Next: 68%
Magic:  2/2        EV:  7    Int:  8    God:    Trog [*.....]
Gold:   70         SH:  4    Dex: 12    Spells: 1/1 levels left

rFire   . . .      SeeInvis .    a - +0 hand axe
rCold   . . .      Faith    .    (no shield)
rNeg    . . .      Spirit   .    f - +0 chain mail
rPois   .          Reflect  .    (no helmet)
rElec   .          Harm     .    (no cloak)
rCorr   .          Rampage  .    (no gloves)
Will    .....                    (no boots) Stlth
                                 (no amulet)
HPRegen 0.24/turn                (no ring)
MPRegen 0.08/turn                (no ring)

@: no status effects
A: large bone plates 1
a: Renounce Religion, Berserk


You were on level 2 of the Dungeon.
You worshipped Trog.
Trog was aware of your devotion.
You visited 1 branch of the dungeon, and saw 2 of its levels.

You collected 70 gold pieces.

Inventory:

Hand Weapons
 a - a +0 hand axe (weapon)
Armour
 b - a +0 animal skin
 c - a +0 ring mail
 f - a +0 chain mail (worn)
Scrolls
 g - a scroll of fear {unknown}
Potions
 d - a potion of cancellation {unknown}
 e - a potion of curing {unknown}


   Skills:
 + Level 3.3 Fighting
 + Level 3.1 Axes
 + Level 2.0 Armour
 + Level 2.0 Dodging


You had one spell level left.
You didn't know any spells.
Your spell library was empty.

Dungeon Overview and Level Annotations

Branches:
Dungeon (2/15)

Altars:


Innate Abilities, Weirdness & Mutations

You are partially covered in large bone plates. (SH +4)


Message History

The adder bites you but does no damage.
There are no items here.
You hit the adder but do no damage. The adder bites you but does no damage.
You closely miss the adder. The adder bites you but does no damage.
A gnoll comes into view. It is wielding a +0 halberd.
The adder bites you but does no damage.
You closely miss the adder.
The gnoll shouts!
The adder bites you but does no damage.
You miss the adder. The adder bites you but does no damage.
An endoplasm comes into view.
The gnoll hits you from afar with a +0 spear.
The adder bites you.
You miss the adder.
The endoplasm quivers.
You block the adder's attack. The gnoll hits you but does no damage.
You closely miss the adder. The adder barely misses you.
The gnoll closely misses you. The adder bites you but does no damage.
You hit the adder.
The adder is moderately wounded.
The gnoll hits you from afar with a +0 spear.
The adder barely misses you.
You closely miss the adder.
The adder is moderately wounded.
You block the adder's attack.
The gnoll hits you from afar with a +0 spear.
The gnoll hits you from afar with a +0 halberd!
* * * LOW HITPOINT WARNING * * *
The adder bites you but does no damage. The gnoll hits you but does no damage.
The gnoll barely misses you.
You barely miss the adder.
The adder is moderately wounded.
The adder bites you but does no damage. The gnoll barely misses you.
The gnoll hits you but does no damage.
A gnoll comes into view. It is wielding a +0 whip.
You barely miss the adder. Your punch misses the adder.
The adder is moderately wounded.
The adder bites you but does no damage. The gnoll barely misses you.
The gnoll hits you from afar with a +0 halberd.
You die...

#...........###
########.####
#.# #.# #.# #.#
#.# #.# #@#
#######S##
......ggJ#
.....[...#
.........#
....)....#
..$.......
...g.....##
.........#


You could see 3 gnolls, an adder and an endoplasm.

Vanquished Creatures
  A ball python (D:1)
  3 endoplasms (D:1)
  3 goblins
  2 hobgoblins
  A quokka (D:2)
  3 bats
  2 kobolds (D:2)
  5 rats
20 creatures vanquished.

Notes
Turn   | Place    | Note
-------+----------+-------------------------------------------
     0 | D:1      | Pimp the Demonspawn Berserker began the quest for the Orb.
     0 | D:1      | Reached XP level 1. HP: 18/18 MP: 1/1
   257 | D:1      | Gained mutation: You are partially covered in large bone
                  | plates. (SH +4) [demonic ancestry]
   257 | D:1      | Reached XP level 2. HP: 24/24 MP: 2/2
   259 | D:1      | Found a faded altar of an unknown god.
   725 | D:2      | Slain by a gnoll

Illustrated notes

Levels and vault maps discovered:
D:1:      saegor_arrival_simple_e, layout_rooms, nicolae_ecumenical_lake_church
D:2:      layout_basic, serial_shops, nicolae_shop_trees, minmay_3d_cube

Skill      XL: |  1  2 |
---------------+-------+-----
Axes           | 3 |  3.1
Armour         | 2 |  2.0
Dodging        | 2 |  2.0
Fighting       | |  3.3

Action                     || total
---------------------------++-------
  Melee: Hand axe          ||    73
 Armour: Ring mail         ||    57
         Chain mail        ||    13
  Dodge: Dodged            ||    67
  Block: Other             ||    16

Table legend: (Time is in decaauts)
 A = Elapsed time spent in this place.
 B = Non-inter-level travel time spent in this place.
 C = Inter-level travel time spent in this place.
 D = Time resting spent in this place.
 E = Time spent auto-exploring this place.
 F = Levels seen in this place.
 G = Mean time per level.
                   A        B        C        D        E       F      G
               +--------+--------+--------+--------+--------+-----+--------+
         Total |    738 |    701 |     37 |      0 |    334 |   2 |  369.0 |
       Dungeon |    738 |    701 |     37 |      0 |    334 |   2 |  369.0 |
               +--------+--------+--------+--------+--------+-----+--------+

Top non-repeatable levels by time:
     D:1: 597 daAuts
     D:2: 141 daAuts
